 Dungeon Crawl Stone Soup version 0.29-a0-1065-g47a6bb87d6 (webtiles) character file.

Game seed: 16348483101539260263

390 Newt the Cutter (level 6, 0/72 HPs)
             Began as a Demonspawn Gladiator on Aug 18, 2022.
             Succumbed to a scorpion's poison
             ... on level 3 of the Dungeon.
             The game lasted 00:08:04 (3667 turns).

Newt the Cutter (Demonspawn Gladiator)              Turns: 3667, Time: 00:08:04

Health: 0/72       AC: 23    Str: 12 (15) XL:     6   Next: 50%
Magic:  6/6        EV:  2    Int: 12 (14) God:
Gold:   102        SH:  0    Dex: 12 (13) Spells: 5/5 levels left

rFire   + + .      SeeInvis .   a - +0 rapier
rCold   + . .      Faith    .   (no shield)
rNeg    + . .      Spirit   .   (body armour currently unavailable)
rPois   +          Reflect  .   (helmet currently unavailable)
rElec   +          Harm     .   (cloak currently unavailable)
rCorr   +          Rampage  .   (gloves currently unavailable)
Will    .....      NoTele   +   (boots currently unavailable)
Stlth   ++........              (no amulet)
HPRegen 0.22/turn               g - ring of protection from fire
MPRegen 0.10/turn               u - ring of positive energy

@: brilliant, lethally poisoned (0 -> -2), tree-form, resistant
A: stationary, stasis, torment immunity, boosted hp, powered by death 1,
(weakness stinger 2), (stinger 1), clever 1, noise suppression
a: no special abilities


You were on level 3 of the Dungeon.
You were a tree.
You visited 1 branch of the dungeon, and saw 4 of its levels.

You collected 102 gold pieces.

Inventory:

Hand Weapons
 a - a +0 rapier (weapon)
Missiles
 f - 53 stones (quivered)
Armour
 b - a +0 leather armour
 c - a +0 helmet (melded)
 h - a +0 chain mail
 m - a +0 cloak (melded)
 y - a +1 leather armour of fire resistance (melded)
Jewellery
 g - a ring of protection from fire (left branch)
 u - a ring of positive energy (right branch)
 A - a +4 ring of slaying
Wands
 q - a wand of mindburst (1)
Scrolls
 i - a scroll of magic mapping {unknown}
 j - a scroll of teleportation {unknown}
 k - a scroll of noise {unknown}
 l - a scroll of enchant weapon {unknown}
 p - a scroll of blinking
 s - a scroll of torment {unknown}
 v - a scroll of amnesia {unknown}
 x - 3 scrolls of identify {unknown}


   Skills:
 - Level 4.0 Fighting
 + Level 4.1 Short Blades
 - Level 4.0 Throwing
 - Level 2.6 Dodging
 - Level 2.0 Stealth


You had 5 spell levels left.
You didn't know any spells.
Your spell library contained the following spells:

 Spells                   Type           Power      Damage    Failure   Level
 Ozocubu's Armour         Ice            0%         N/A       69%         3
 Metabolic Englaciation   Hex/Ice        0%         N/A       100%        5
 Simulacrum               Ice/Necr       0%         N/A       100%        6


Dungeon Overview and Level Annotations

Branches:
Dungeon (4/15)
 Temple: D:4-7

Altars:


Innate Abilities, Weirdness & Mutations

You are a tree.
Your roots penetrate the ground, keeping you stationary.
You cannot be teleported.
You are immune to unholy pain and torment.
Your maximum health is greatly increased.
Your equipment is partially melded.
You regenerate a little health from kills.
((You have a tail ending in a sharp stinger.))
((Your tail ends in a venomous barb.))
Your mind is acute. (Int +4, Str/Dex -1)
You passively dampen the noise of your surroundings.


Message History

The scorpion is heavily wounded.
* * * LOW HITPOINT WARNING * * *
You feel sick.
The scorpion struggles against the net.
You hit the scorpion.
The scorpion is heavily wounded.
* * * LOW HITPOINT WARNING * * *
You feel sick.
The scorpion struggles against the net. x2
You hit the scorpion.
The scorpion is severely wounded.
* * * LOW HITPOINT WARNING * * *
You feel sick.
The scorpion struggles against the net.
The net rips apart, and the scorpion comes free!
You barely miss the scorpion.
The scorpion is severely wounded.
* * * LOW HITPOINT WARNING * * *
You feel sick.
The scorpion stings you but does no damage.
Throw: javelin
Press: ? - help, Q - select action, (/) - cycle Shift-Dir - straight line, f/p - scorpion
Aim: a scorpion (severely wounded, 62% to hit)
You throw a javelin.
The javelin pierces through the scorpion but does no damage.
The scorpion is severely wounded.
* * * LOW HITPOINT WARNING * * *
You feel sick.
The scorpion stings you but does no damage.
Unknown command.
Unknown command.
Unknown command.
Unknown command.
Throw: 53 stones
Press: ? - help, Q - select action, (/) - cycle Shift-Dir - straight line, f/p - scorpion
Aim: a scorpion (severely wounded, 62% to hit)
Okay, then.
Aiming: Mindburst
Press: ? - help, Shift-Dir - straight line, f/p - scorpion
Aim: a scorpion (severely wounded, chance to affect: 64%)
The scorpion's mind is blasted!
You blow up the scorpion!
You die...

######.......# #......#####.#
##.....# #.# ######## #.....#
#.###....... ############.....#
#.#...###### .................#
#.#.#.# ###########.#.#..#
#.#.#.# ..............#..#
#.#.#.# .##########.###.♣##
#...#.#
.'...............>########.#
.##########.#..............# .#
#.#........####### .#
#.#........# .# ###...<.(....#
#########....####.###############
.................................
.########....####.###############


There were no monsters in sight!

Vanquished Creatures
  Grinder (D:3)
  A scorpion (D:3)
  2 orc wizards
  6 adders
  A worm (D:2)
  3 dart slugs
  4 orcs (D:3)
  7 ball pythons
  14 bats
  7 endoplasms
  3 giant cockroaches
  4 goblins
  8 hobgoblins
  4 jackals
  8 kobolds
  4 quokkas
  6 frilled lizards
  12 rats
95 creatures vanquished.

Notes
Turn   | Place    | Note
-------+----------+-------------------------------------------
     0 | D:1      | Newt the Demonspawn Gladiator began the quest for the Orb.
     0 | D:1      | Reached XP level 1. HP: 16/16 MP: 1/1
   147 | D:1      | Reached skill level 1 in Stealth
   310 | D:1      | Gained mutation: You regenerate a little health from kills.
                  | [demonic ancestry]
   310 | D:1      | Reached XP level 2. HP: 22/22 MP: 2/2
   369 | D:1      | Found a faded altar of an unknown god.
   905 | D:2      | Gained mutation: You have a small tail. [demonic ancestry]
   905 | D:2      | Reached XP level 3. HP: 23/27 MP: 3/3
  1382 | D:2      | Reached XP level 4. HP: 33/33 MP: 4/4
  2509 | D:2      | Gained mutation: You have a tail ending in a sharp stinger.
                  | [demonic ancestry]
  2509 | D:2      | Reached XP level 5. HP: 5/42 MP: 5/5
  3292 | D:3      | Noticed Grinder
  3295 | D:3      | Paralysed by Grinder for 5 turns
  3303 | D:3      | Killed Grinder
  3304 | D:3      | Reached XP level 6. HP: 32/48 MP: 6/6
  3660 | D:3      | Gained mutation: Your mind is acute. (Int +4, Str/Dex -1)
                  | [potion of mutation]
  3660 | D:3      | Gained mutation: You passively dampen the noise of your
                  | surroundings. [potion of mutation]
  3660 | D:3      | Gained mutation: Your tail ends in a venomous barb. [potion
                  | of mutation]
  3663 | D:3      | HP: 3/72 [poisoned by a scorpion]
  3666 | D:3      | HP: 1/72 [poisoned by a scorpion]
  3667 | D:3      | Succumbed to a scorpion's poison

Illustrated notes

Levels and vault maps discovered:
D:1:      amcnicky_arrival_underground_garden, layout_basic,
          hellmonk_ecumenical_altar_blasted, nrook_mini_backslash,
          serial_park_tiny_pond
D:2:      layout_loops_cross
D:3:      minmay_octagon_keep, layout_basic, zin_scriptorium, serial_glass,
          glass_columns_a, glass_columns_b, grunt_ministairs_7, uniq_grinder
D:4:      minmay_bubble_buster, layout_basic, mainiacjoe_overflow_boulevard,
          tso_altar, temple_statues, uniq_blork_the_orc

Skill      XL: |  1  2  3  4  5 |
---------------+----------------+-----
Stealth        | 1 2 |  2.0
Short Blades   | 3 4 |  4.1
Fighting       | 3 4 |  4.0
Throwing       | 4 |  4.0
Dodging        | |  2.6

Action                   |  1- 3 |  4- 6 || total
-------------------------+-------+-------++-------
Melee: Rapier            |   124 |   196 ||   320
       Punch             |     1 |     2 ||     3
       Tailslap          |     9 |    19 ||    28
Throw: Throwing net      |       |     3 ||     3
       Javelin           |       |     1 ||     1
Evoke: Wand              |       |     8 ||     8
  Use: Scroll            |     1 |       ||     1
       Potion            |       |     9 ||     9
 Stab: Sleeping          |     3 |     2 ||     5
       Held in net/web   |       |     1 ||     1
Armor: Leather armour    |    48 |    68 ||   116
       Skin              |       |     4 ||     4
Dodge: Dodged            |   106 |   119 ||   225

Table legend: (Time is in decaauts)
 A = Elapsed time spent in this place.
 B = Non-inter-level travel time spent in this place.
 C = Inter-level travel time spent in this place.
 D = Time resting spent in this place.
 E = Time spent auto-exploring this place.
 F = Levels seen in this place.
 G = Mean time per level.
                   A        B        C        D        E       F      G
               +--------+--------+--------+--------+--------+-----+--------+
         Total |   3677 |   3589 |     88 |    915 |   1670 |   4 |  919.2 |
       Dungeon |   3677 |   3589 |     88 |    915 |   1670 |   4 |  919.2 |
               +--------+--------+--------+--------+--------+-----+--------+

Top non-repeatable levels by time:
     D:2: 1547 daAuts
     D:3: 1294 daAuts
     D:1: 821 daAuts
     D:4: 13 daAuts
